Map: Paladino Terminal LE

Players

Fimp

  • Race: Terran Terran
  • Spawn Location: 9:00

Loken - Winner!

  • Race: Protoss Protoss
  • League: Platinum
  • Spawn Location: 5:00

VOD

Have the link to the VOD?

Description

Time

  • Played on: April 9, 2017, 3:37 p.m.
  • Length: 4:54
Show
View Real Time Build Order
Export as new Build Order

Fimp Terran 

Build Orders:  

Get SALT Encoding   

  12  0:01  SCV  
  13  0:13  SCV  
  14  0:22  Supply Depot  
  14  0:25  SCV  
  15  0:43  SCV  
  15  0:45  Barracks  
  15  0:47  Refinery  
  16  0:55  SCV  
  17  1:08  SCV  
  18  1:20  SCV  
  19  1:32  Orbital Command  
  19  1:34  Marine  
  19  1:37  Supply Depot  
  20  1:53  Barracks Reactor  
  20  1:58  Command Center  
  20  2:02  SCV  
  21  2:12  Factory  
  21  2:14  SCV  
  22  2:26  SCV  
  22  2:29  Refinery  
  23  2:31  Marine x2  
  23  2:36  Supply Depot  
  25  2:39  SCV  
  26  2:47  Barracks  
  26  2:51  SCV  
  27  2:58  Starport  
  27  3:05  SCV  
  27  3:07  Factory Reactor  
  27  3:11  Marine  
  27  3:12  Marine  
  30  3:28  SCV, Engineering Bay  
  31  3:35  Orbital Command  
  31  3:39  Barracks Tech Lab  
  31  3:49  Marine  
  31  3:50  Marine  
  31  3:51  SCV  
  34  3:58  Factory Reactor  
  29  4:23  Marine x3  
Show
View Real Time Build Order
Export as new Build Order

Loken Protoss - Winner!

Build Orders:  

Get SALT Encoding   

  12  0:01  Probe (Chrono Boost)  
  13  0:11  Probe (Chrono Boost)  
  14  0:19  Pylon  
  14  0:22  Probe (Chrono Boost)  
  15  0:40  Gateway  
  15  0:42  Probe (Chrono Boost)  
  16  0:51  Assimilator  
  16  0:53  Probe (Chrono Boost)  
  17  1:03  Probe (Chrono Boost)  
  18  1:09  Assimilator  
  18  1:14  Probe (Chrono Boost)  
  19  1:24  Probe (Chrono Boost)  
  20  1:28  Cybernetics Core  
  20  1:31  Pylon  
  20  1:35  Probe (Chrono Boost)  
  20  1:39  Gateway  
  21  1:45  Probe (Chrono Boost)  
  22  1:56  Probe (Chrono Boost)  
  23  2:04  Stalker  
  23  2:05  Warp Gate  
  23  2:07  Probe (Chrono Boost)  
  26  2:17  Probe (Chrono Boost)  
  27  2:32  Nexus  
  27  2:43  Pylon  
  27  2:51  Stalker  
  29  2:53  Stalker  
  31  3:02  Probe (Chrono Boost)  
  31  3:05  Pylon  
  32  3:23  Mothership Core (Chrono Boost)  
  32  3:25  Pylon  
  34  3:28  Stalker  
  34  3:33  Stalker  
  38  3:46  Gateway  
  38  3:53  Gateway  
  38  4:00  Probe x2 (Chrono Boost)  
  40  4:16  Zealot x2  
  44  4:47  Stalker x2  
Tags
 
Add a new tag
Caveats
  • Supply blocks, unpowered buildings, or Contaminate may cause inaccurate times.
  • Supply counts are checked every 10 seconds.